 Dungeon Crawl Stone Soup version 0.28-a0-1033-g1a2f33fa85 (webtiles) character file.

Game seed: 14302861828590047770

71411 emperorscorpion the Eclecticist (level 15, -3/94 HPs)
             Began as a Djinni Ice Elementalist on Dec 7, 2021.
             Was the Champion of Makhleb.
             Slain by a wraith (8 damage)
             ... led by Josephine
             ... on level 2 of the Orcish Mines on Dec 8, 2021.
             The game lasted 01:32:54 (23622 turns).

emperorscorpion the Eclecticist (DjIE)             Turns: 23622, Time: 01:32:55

Health: -3/94      AC: 15    Str:  7    XL:     15   Next: 82%
Gold:   716        EV: 15    Int: 37    God:    Makhleb [******] SH:  6 Dex: 14

rFire   + + +      SeeInvis .   e - staff of earth
rCold   . . .      Faith    .   u - +1 buckler {rF+}
rNeg    . . .      Spirit   .   N - +2 robe {rC+}
rPois   ∞          Reflect  .   P - +2 helmet of Isuwnyrei {Int+3}
rElec   .          Harm     .   k - +0 cloak
rCorr   .          Rampage  .   c - +2 pair of gloves
Will    +....                   (boots unavailable)
Stlth   ++........              t - amulet of the acrobat
HPRegen 0.25/turn               f - +6 ring of intelligence
MPRegen 0.00/turn               m - ring of Fumnal {rPois AC+4 Int+4}

@: freezing walls, flying, studying Polearms
A: sickness immunity, fire resistance 2, cold vulnerability 1, float, innate
caster, hp casting, extra vitality 1
a: Renounce Religion, Minor Destruction, Lesser Servant of Makhleb, Major
Destruction, Greater Servant of Makhleb


You were on level 2 of the Orcish Mines.
You worshipped Makhleb.
Makhleb was exalted by your worship.
You visited 4 branches of the dungeon, and saw 22 of its levels.
You also visited: Sewer.

You collected 1678 gold pieces.
You spent 962 gold pieces at shops.

Inventory:

Hand Weapons
 a - a +5 vorpal trident
 j - a +4 quarterstaff of chaos
 y - a +3 morningstar
Missiles
 q - 68 poisoned darts (quivered)
 E - 6 boomerangs
 H - 3 throwing nets
Armour
 c - a +2 pair of gloves (worn)
 k - a +0 cloak (worn)
 u - a +1 buckler of fire resistance (worn)
 I - a +2 robe of fire resistance
 N - a +2 robe of cold resistance (worn)
 P - the +2 helmet of Isuwnyrei (worn) {Int+3}
   (You bought it in a shop on level 4 of the Dungeon)

   Int:       It affects your intelligence (+3).
Magical Staves
 e - a staff of earth (weapon)
 x - a staff of fire
Jewellery
 b - a ring of the Octopus King {Wiz AC+1 EV+1 Str+1 Int+1 Dex+1}
   (You found it on level 6 of the Lair of Beasts)

   [ring of wizardry]

   It improves your spell success rate.
   AC:        It affects your AC (+1).
   EV:        It affects your evasion (+1).
   Str:       It affects your strength (+1).
   Int:       It affects your intelligence (+1).
   Dex:       It affects your dexterity (+1).
 f - a +6 ring of intelligence (left hand)
 m - the ring of Fumnal (right hand) {rPois AC+4 Int+4}
   (You acquired it on level 5 of the Dungeon)

   [ring of protection]

   AC:        It affects your AC (+4).
   Int:       It affects your intelligence (+4).
   rPois:     It protects you from poison.
 r - a ring of ice
 t - an amulet of the acrobat (around neck)
 S - a ring of willpower
 V - a ring of protection from cold
Wands
 l - a wand of charming (6)
 p - a wand of polymorph (6)
 v - a wand of paralysis (9)
 z - a wand of flame (5)
 C - a wand of iceblast (17)
 Y - a wand of digging (6)
 Z - a wand of acid (4)
Scrolls
 d - 9 scrolls of teleportation
 g - 2 scrolls of enchant armour
 n - 4 scrolls of magic mapping
 B - 5 scrolls of fear
 D - 3 scrolls of fog
 G - a scroll of immolation
 W - 2 scrolls of summoning
Potions
 h - 4 potions of cancellation
 i - 2 potions of heal wounds
 o - a potion of resistance {unknown}
 w - 3 potions of curing
 A - a potion of brilliance
 F - 3 potions of attraction
 J - 4 potions of might
 K - a potion of haste
 M - 2 potions of berserk rage
 T - a potion of ambrosia
 U - 3 potions of lignification
Miscellaneous
 X - a tin of tremorstones (inert)


   Skills:
 + Level 3.9 Fighting
 + Level 5.2 Polearms
 + Level 2.5 Throwing
 + Level 8.1 Dodging
 - Level 1.7 Stealth
 - Level 4.0 Shields
 + Level 18.8 Spellcasting
 - Level 0.7 Evocations


You had 16 spell levels left.
You knew the following spells:

 Your Spells              Type           Power      Damage    Failure   Level
a - Manifold Assault      Tloc           100%       N/A       0%          5
b - Iron Shot             Conj/Erth      65%        9d12      1%          6
c - Vampiric Draining     Necr           100%       2d13      0%          3
d - Hailstorm             Conj/Ice       100%       3d20      0%          4
e - Frozen Ramparts       Ice            100%       1d12      0%          3
f - Summon Guardian Gole  Hex/Summ       100%       N/A       0%          3
g - Ozocubu's Armour      Ice            100%       N/A       0%          3
h - Leda's Liquefaction   Hex/Erth       65%        N/A       0%          4
i - Sting                 Tmut/Pois      100%       1d8       0%          1
j - Freeze                Ice            100%       1d11      0%          1
B - Blink                 Tloc           100%       N/A       0%          2
Your spell library was empty.

Dungeon Overview and Level Annotations

Branches:
Dungeon (13/15)            Temple (1/1) D:6            Lair (6/6) D:10
 Shoals (0/4) Lair:4       Spider (0/4) Lair:3        Slime (0/5) Lair:5
    Orc (2/2) D:12         Vaults (0/5) D:13          Sewer (visited)
    Elf: Orc:2

Altars:
Ashenzari
Cheibriados
Elyvilon
Fedhas
Gozag
Hepliaklqana
Kikubaaqudgha
Makhleb
Nemelex Xobeh
Okawaru
Qazlal
Ru
Sif Muna
Trog
Uskayaw
Vehumet
Wu Jian
Xom
Yredelemnul
Zin
The Shining One

Shops:
D:4 [   D:5 :   D:8 [   Orc:2 *

Portals:
Abyss: D:8

Annotations:
Orc:2 Jorgrun


Innate Abilities, Weirdness & Mutations

You are immune to sickness and miasma.
You are immune to poison.
Your flesh is very heat resistant. (rF++)
You are vulnerable to cold. (rC-)
You float through the air rather than walking.
You learn spells naturally, not from books.
Your magical power is your life essence.
You have superior vitality. (+4 HP)


Message History

Unknown command.
Unknown command.
Unknown command.
Unknown command.
Unknown command.
Okay, then.
As you read the scroll of fear, it crumbles to dust.
You assume a fearsome visage.
Jorgrun resists with some effort.
The wraith is unaffected. x3; The orc priest looks frightened!
The ogre looks frightened!
The orc wizard looks frightened! x2
The orc wizard casts a spell.
The orc wizard flickers and vanishes!
Deactivating autopickup; reactivate with Ctrl-A.
The orc wizard casts a spell.
The orc wizard flickers and vanishes!
The wraith resists.
The wall freezes the wraith.
The wraith hits you but does no damage.
Okay, then.
Casting: Hailstorm (safe; 0% risk of failure)
Confirm with . or Enter, or press ? or * to list all spells.
Aiming: Iron Shot (safe; 1% risk of failure)
Press: ? - help, Shift-Dir - straight line, f - Jorgrun
Aim: Jorgrun, wielding a +0 vorpal quarterstaff and wearing a +0 robe (68% to hit)
You feel a surge of power!
The iron shot hits Jorgrun!!!
Jorgrun is heavily wounded.
* * * LOW HITPOINT WARNING * * *
Jorgrun gestures at the rock wall while chanting.
Some rock shatters into small pieces.
The wraith resists.
The wall freezes the wraith.
The wraith closely misses you.
The wraith resists.
The wall freezes the wraith.
Casting: Iron Shot (safe; 1% risk of failure)
Confirm with . or Enter, or press ? or * to list all spells.
Aiming: Iron Shot (safe; 1% risk of failure)
Press: ? - help, Shift-Dir - straight line, f/p - Jorgrun
Aim: Jorgrun, wielding a +0 vorpal quarterstaff and wearing a +0 robe (heavily wounded, 68% to hit)
You feel a surge of power!
The iron shot hits Jorgrun!!!
Jorgrun is almost dead.
* * * LOW HITPOINT WARNING * * *
An orc wizard comes into view. It is wielding a +0 dagger.
The wraith resists.
The wall freezes the wraith.
The wraith hits you!
You die...

##.............####
........#.........#
.......#.###.......###
#......####..........#
.........#..........##
.................###
..............##
......<......##
#..........W@#
#.........W)W#
##.....)..)#.#
#......).)##.g
......O....o.#
......{......#
.......o........
......#..........
.....##..W....o..


You could see Jorgrun, 3 wraiths, an ogre (fleeing), an orc priest (fleeing) and
an orc wizard.

Vanquished Creatures
  Josephine (Orc:2)
  Harold (D:8)
  A yaktaur captain (D:13)
  2 boulder beetles
  Fannar (D:10)
  9 hydras
  Erica (D:8)
  2 two-headed ogres (D:12)
  4 centaur warriors (D:13)
  A tengu warrior (D:10)
  The ghost of bmj180 the Geomancer, a journeyman GrEE of Vehumet (D:11)
  10 death yaks
  The ghost of kae the Basher, a novice DsAK of Lugonu (D:8)
  A sea snake (Lair:6)
  A harpy (Lair:6)
  A deep elf pyromancer (D:13)
  An orc knight (D:12)
  An ugly thing (D:13)
  7 cyclopes
  An oklob plant (Lair:5)
  4 manticores
  A wolf spider (Lair:4)
  3 centaur zombies
  22 elephants
  5 black mambas
  2 torpor snails (Lair:6)
  2 unseen horrors
  10 cane toads
  A gargoyle (D:12)
  Maggie (D:6)
  8 komodo dragons
  A demonic crawler (Lair:3)
  2 yaktaurs (D:13)
  2 rime drakes
  A troll (D:10)
  3 polar bears
  Prince Ribbit (D:6)
  3 dream sheep (Lair:6)
  3 slime creatures (D:12)
  5 blink frogs (Lair:6)
  A snapping turtle (Lair:6)
  4 shadows
  9 wraiths
  3 wyverns
  52 yaks
  4 basilisks
  A neqoxec (D:8)
  2 steam dragons
  Menkaure (D:6)
  A warg (Orc:2)
  12 water moccasins
  A hornet zombie (D:7)
  3 ice beasts
  2 sky beasts
  14 orc warriors
  4 black bears
  A necrophage (D:5)
  A swamp drake (Lair:1)
  23 wolves
  4 ogres
  4 centaurs
  4 phantoms
  Blork the orc (D:4)
  3 kobold brigands
  11 bullfrogs
  A gnoll sergeant (D:9)
  4 scorpions
  A small abomination (D:8)
  14 killer bees
  3 howler monkeys
  22 wights
  4 electric eels
  2 jellies (D:5)
  10 orc priests
  An iron imp (D:8)
  2 bullfrog skeletons
  5 hounds
  Crazy Yiuf (D:2)
  A gnoll shaman (D:9)
  2 iguanas
  2 merfolk sirens (Sewer)
  16 orc wizards
  9 hell rats
  2 merfolk avatars
  A hound skeleton (D:4)
  A howler monkey zombie (D:10)
  7 gnolls (D:9)
  A howler monkey skeleton (D:5)
  10 adders
  A river rat (Sewer)
  3 shadow imps
  2 adder skeletons
  3 worms
  3 dart slugs
  42 orcs
  4 endoplasms
  6 giant cockroaches
  5 goblins
  6 hobgoblins
  4 jackals (D:3)
  9 kobolds
  7 quokkas
  10 ball pythons
  5 bats
  10 frilled lizards
  26 rats
562 creatures vanquished.

Vanquished Creatures (others)
  100 fungi
  121 plants
221 creatures vanquished.

Grand Total: 783 creatures vanquished

Notes
Turn   | Place    | Note
-------+----------+-------------------------------------------
     0 | D:1      | emperorscorpion the Djinni Ice Elementalist began the quest
                  | for the Orb.
     0 | D:1      | Reached XP level 1. HP: 15/15 MP: 0/0
   376 | D:1      | Reached XP level 2. HP: 19/21 MP: 0/0
   444 | D:1      | Found a faded altar of an unknown god.
  1028 | D:2      | Reached XP level 3. HP: 21/25 MP: 0/0
  1028 | D:2      | Learned a level 1 spell: Sting
  1325 | D:2      | Found a runed translucent door.
  1326 | D:2      | Noticed Crazy Yiuf
  1345 | D:2      | Killed Crazy Yiuf
  1346 | D:2      | Reached skill level 4 in Spellcasting
  1346 | D:2      | Reached XP level 4. HP: 18/31 MP: 0/0
  1863 | D:2      | Reached XP level 5. HP: 19/36 MP: 0/0
  1863 | D:2      | Learned a level 2 spell: Blink
  2259 | D:3      | Found a glowing drain.
  2263 | Sewer    | Entered a sewer
  2520 | Sewer    | Reached skill level 5 in Spellcasting
  2529 | Sewer    | Reached XP level 6. HP: 24/41 MP: 0/0
  3461 | D:3      | Reached skill level 1 in Polearms
  3566 | D:3      | Found a stormy altar of Qazlal.
  3642 | D:3      | Reached XP level 7. HP: 42/46 MP: 0/0
  3642 | D:3      | Learned a level 3 spell: Summon Guardian Golem
  4063 | D:4      | Noticed Blork the orc
  4069 | D:4      | Killed Blork the orc
  4070 | D:4      | Reached skill level 6 in Spellcasting
  4478 | D:4      | Found Kup Sargh's Armour Boutique.
  4485 | D:4      | Reached skill level 1 in Fighting
  4807 | D:4      | Bought a +1 buckler of fire resistance for 181 gold pieces
  4894 | D:4      | Found a shimmering altar of Xom.
  5033 | D:4      | Reached XP level 8. HP: 13/52 MP: 0/0
  5508 | D:5      | Entered Level 5 of the Dungeon
  5676 | D:5      | Found Fecen's Self-Improvement Boutique.
  5985 | D:5      | Reached skill level 7 in Spellcasting
  6647 | D:5      | Identified a scroll of acquirement
  6647 | D:5      | Acquired the ring of Fumnal {rPois AC+4 Int+4}
  6663 | D:5      | Reached XP level 9. HP: 47/58 MP: 0/0
  6663 | D:5      | Learned a level 3 spell: Vampiric Draining
  6798 | D:6      | Noticed Menkaure
  6798 | D:6      | Noticed Maggie
  6802 | D:6      | Killed Maggie
  6803 | D:6      | Reached skill level 1 in Shields
  6803 | D:6      | Killed Menkaure
  6812 | D:6      | Reached skill level 8 in Spellcasting
  7369 | D:6      | Found a staircase to the Ecumenical Temple.
  7377 | Temple   | Entered the Ecumenical Temple
  7460 | Temple   | Became a worshipper of Makhleb the Destroyer
  7610 | D:6      | Noticed Prince Ribbit
  7627 | D:6      | Killed Prince Ribbit
  8018 | D:7      | Reached XP level 10. HP: 39/65 MP: 0/0
  8182 | D:7      | Reached skill level 9 in Spellcasting
  9258 | D:8      | Reached * piety under Makhleb
  9262 | D:8      | Reached skill level 10 in Spellcasting
  9774 | D:8      | Found a transporter.
  9828 | D:8      | Noticed Harold
  9836 | D:8      | Killed Harold
  9837 | D:8      | Reached skill level 5 in Dodging
  9837 | D:8      | Reached XP level 11. HP: 15/70 MP: 0/0
  9837 | D:8      | Learned a level 4 spell: Leda's Liquefaction
 10102 | D:8      | Noticed Erica
 10112 | D:8      | Killed Erica
 10113 | D:8      | Reached skill level 11 in Spellcasting
 10193 | D:8      | Found a snail-covered altar of Cheibriados.
 10193 | D:8      | Found Cheibriados's Comfort Zone.
 10265 | D:8      | Reached skill level 1 in Throwing
 10363 | D:8      | Noticed kae's ghost (novice DsAK)
 10374 | D:8      | Found a one-way gate to the infinite horrors of the Abyss.
 10750 | D:8      | Found a transporter.
 10829 | D:8      | Killed kae's ghost
 10993 | D:9      | Found a hazy altar of Hepliaklqana.
 11153 | D:9      | Reached ** piety under Makhleb
 11590 | D:9      | Reached skill level 12 in Spellcasting
 12238 | D:10     | Entered Level 10 of the Dungeon
 12501 | D:10     | Reached XP level 12. HP: 72/76 MP: 0/0
 12579 | D:10     | Found a staircase to the Lair.
 12588 | D:10     | Reached *** piety under Makhleb
 12719 | D:10     | Noticed a tengu warrior
 12740 | D:10     | Killed a tengu warrior
 12741 | D:10     | Reached skill level 13 in Spellcasting
 12765 | D:10     | Noticed Fannar
 12770 | D:10     | Killed Fannar
 13036 | D:4      | Bought the +2 helmet of Isuwnyrei {Int+3} for 305 gold
                  | pieces
 13290 | Lair:1   | Entered Level 1 of the Lair of Beasts
 14030 | Lair:1   | Acquired a manual of Polearms
 14530 | Lair:2   | Noticed a four-headed hydra
 14539 | Lair:2   | Killed a four-headed hydra
 14540 | Lair:2   | Reached skill level 14 in Spellcasting
 14815 | Lair:2   | Reached XP level 13. HP: 81/81 MP: 0/0
 14815 | Lair:2   | Learned a level 5 spell: Manifold Assault
 15014 | Lair:2   | Noticed a seven-headed hydra
 15023 | Lair:2   | Killed a seven-headed hydra
 15408 | Lair:3   | Reached **** piety under Makhleb
 15749 | Lair:3   | Reached skill level 15 in Spellcasting
 15761 | Lair:3   | Found a hole to the Spider Nest.
 16058 | Lair:3   | Noticed an eight-headed hydra
 16063 | Lair:3   | Killed an eight-headed hydra
 16524 | Lair:4   | Noticed a seven-headed hydra
 16529 | Lair:4   | Reached ***** piety under Makhleb
 16533 | Lair:4   | Killed a seven-headed hydra
 16653 | Lair:4   | Reached skill level 5 in Polearms
 16766 | Lair:4   | Found a staircase to the Shoals.
 16798 | Lair:4   | Noticed a four-headed hydra
 16809 | Lair:4   | Killed a four-headed hydra
 16811 | Lair:4   | Reached XP level 14. HP: 87/87 MP: 0/0
 17206 | Lair:5   | Identified the +0 robe of the Marlin {-Tele rPois Str+4
                  | SInv}
 17271 | Lair:5   | Found a staircase to the Slime Pits.
 17279 | Lair:5   | Reached skill level 16 in Spellcasting
 18218 | Lair:6   | Entered Level 6 of the Lair of Beasts
 18786 | Lair:6   | Reached skill level 17 in Spellcasting
 18950 | Lair:6   | Found the ring of the Octopus King
 19096 | Lair:6   | Identified a ring of the Octopus King {Wiz AC+1 EV+1 Str+1
                  | Int+1 Dex+1}
 19102 | Lair:6   | Identified the +6 dagger "Miek" {flame, rN+ rCorr}
 19365 | Lair:6   | Reached XP level 15. HP: 94/94 MP: 0/0
 19365 | Lair:6   | Learned a level 6 spell: Iron Shot
 19601 | Lair:6   | Reached ****** piety under Makhleb
 20241 | D:11     | Found an iron altar of Okawaru.
 20636 | D:11     | Found a runed translucent gate.
 20636 | D:11     | Found a runed translucent gate.
 20637 | D:11     | Found a runed translucent gate.
 20639 | D:11     | Noticed bmj180's ghost (journeyman GrEE)
 20924 | D:11     | Killed bmj180's ghost
 20927 | D:11     | Reached skill level 18 in Spellcasting
 21139 | D:12     | Found a staircase to the Orcish Mines.
 22846 | D:13     | Found a gate to the Vaults.
 23134 | D:13     | Found a glowing golden altar of the Shining One.
 23303 | Orc:1    | Entered Level 1 of the Orcish Mines
 23473 | Orc:2    | Entered Level 2 of the Orcish Mines
 23503 | Orc:2    | Found Etigi's Assorted Antiques.
 23520 | Orc:2    | Bought a steaming ring mail for 306 gold pieces
 23520 | Orc:2    | Identified the +7 ring mail of Sunlight {Rampage Int-4
                  | Dex+3 Stlth+} (You bought it in a shop on level 2 of the
                  | Orcish Mines)
 23520 | Orc:2    | Bought a dented sapphire amulet for 170 gold pieces
 23606 | Orc:2    | Noticed Josephine
 23617 | Orc:2    | Killed Josephine
 23619 | Orc:2    | Noticed Jorgrun
 23622 | Orc:2    | Slain by a wraith

Illustrated notes

Levels and vault maps discovered:
D:1:      dpeg_arrival_simpleton_b, layout_basic,
          shapermc_ecumenical_altar_acropolis, minivault_23, minmay_pentomino_o4
D:2:      layout_loops_ring, uniq_crazy_yiuf_cottage
D:3:      layout_rooms, grunt_qazlal_sundering, gup_sewer_entry_bowl,
          serial_aquarium, aquarium_bridge_square [aquarium_subvault_balcony,
          aquarium_subvault_bridge, aquarium_subvault_bridge,
          aquarium_subvault_wall], aquarium_window_corner, aquarium_window_2,
          aquarium_view_2b, aquarium_view_2d, aquarium_balcony_3b,
          aquarium_pool_2, minmay_quantized
D:4:      layout_loops_ring, old_standard_altar, mainiacjoe_overflow_boulevard,
          serial_shops, shop, moated_statue, uniq_blork_the_orc
D:5:      layout_loops_corners, nicolae_shop_self_help
D:6:      layout_rooms, minmay_temple_entry_grid, uniq_menkaure, uniq_maggie,
          uniq_prince_ribbit1
D:7:      layout_cave_pools, uniq_duvessa
D:8:      layout_cave_pools, gammafunk_ghost_abyssal_escape,
          minmay_misc_feat_diagonals, grunt_ministairs_11, minmay_fountain_box,
          minmay_shop_chei, uniq_erica, uniq_harold
D:9:      layout_stronghold, mainiacjoe_overflow_catwalk
D:10:     layout_roguey, due_lair_maze_entry_diamond, minmay_bent, uniq_fannar
D:11:     layout_loops_cross, gammafunk_ghost_spectres, okawaru_trees_2
D:12:     layout_loops_corners, orc_david_3
D:13:     layout_roguey, david_vaults_2, grunt_decor_cap,
          nicolae_tso_carved_into_rock
Temple:   mainiacjoe_temple_coin_purse
Lair:1:   wad_woods_pond, layout_chaotic_city, wad_woods_road_04
Lair:2:   layout_big_grid, cheibrodos_lair_reptile_den, lemuel_fruit_tree
Lair:3:   layout_hall_layers, nicolae_spider_entry_non_spiders, serial_bayou,
          serial_bayou_pond_a, serial_bayou_shore_a, serial_bayou_pond_e,
          serial_bayou_pond_b, infiniplex_staircase_pool_2
Lair:4:   layout_gridlike, elwin_shoals_entry_rocks, fungi_pond_lemuel,
          nicolae_lair_run_with_the_wolves
Lair:5:   layout_loops_ring, minmay_slime_entry_oklob_open,
          chequers_serial_rivers_micro_a, nzn_sisyphean_effort
Lair:6:   gammafunk_lair_ancient_temple, layout_regular_city, basic_altar
Orc:1:    layout_caves
Orc:2:    st_orc_mages, layout_diamond_mine, serial_shops, shop,
          nicolae_shop_trees, shop, shop, uniq_jorgrun, uniq_josephine

Skill      XL: |  1  2  3  4  5  6  7  8  9 10 11 12 13 14 15 |
---------------+----------------------------------------------+-----
Spellcasting   | 4 5 6 7 8 10 12 14 15 17 18 | 18.8
Polearms       | 1 3 4 5 |  5.2
Fighting       | 1 2 3 |  3.9
Dodging        | 3 4 5 6 7 8 |  8.1
Shields        | 2 3 4 |  4.0
Throwing       | 1 2 |  2.5
Stealth        | |  1.7
Evocations     | |  0.7

Action                   |  1- 3 |  4- 6 |  7- 9 | 10-12 | 13-15 || total
-------------------------+-------+-------+-------+-------+-------++-------
Melee: Trident           |    15 |    15 |    52 |    18 |    55 ||   155
Throw: Dart              |       |       |     1 |     9 |    15 ||    25
       Javelin           |       |       |       |     4 |     1 ||     5
 Cast: Freeze            |    24 |    10 |    15 |     9 |       ||    58
       Sting             |     9 |    86 |    61 |    13 |     1 ||   170
       Frozen Ramparts   |       |     6 |     9 |     7 |     5 ||    27
       Ozocubu's Armour  |       |     2 |     7 |     7 |     3 ||    19
       Hailstorm         |       |     2 |    37 |   137 |   121 ||   297
       Blink             |       |     1 |     9 |    20 |     9 ||    39
       Vampiric Draining |       |       |     4 |    90 |   211 ||   305
       Leda's Liquefacti |       |       |       |     2 |     1 ||     3
       Summon Guardian G |       |       |       |     1 |       ||     1
       Manifold Assault  |       |       |       |       |    26 ||    26
       Iron Shot         |       |       |       |       |    93 ||    93
Evoke: Wand              |       |       |    19 |     9 |     4 ||    32
       Tin of tremorston |       |       |       |       |     3 ||     3
  Use: Scroll            |       |     2 |     8 |    11 |    10 ||    31
       Potion            |       |     2 |       |       |       ||     2
 Stab: Sleeping          |     1 |       |       |       |       ||     1
Armor: Robe              |     6 |    11 |    31 |    60 |   109 ||   217
Dodge: Dodged            |    13 |    23 |    52 |    98 |   186 ||   372
Block: Buckler           |       |       |    14 |    45 |    83 ||   142

Table legend: (Time is in decaauts)
 A = Elapsed time spent in this place.
 B = Non-inter-level travel time spent in this place.
 C = Inter-level travel time spent in this place.
 D = Time resting spent in this place.
 E = Time spent auto-exploring this place.
 F = Levels seen in this place.
 G = Mean time per level.
                   A        B        C        D        E       F      G
               +--------+--------+--------+--------+--------+-----+--------+
         Total |  23665 |  22535 |   1130 |    535 |  18974 |  23 | 1028.9 |
       Dungeon |  15514 |  14665 |    849 |    238 |  12617 |  13 | 1193.4 |
        Temple |     94 |     80 |     14 |      0 |     65 |   1 |   94.0 |
          Lair |   6836 |   6581 |    255 |    297 |   5342 |   6 | 1139.3 |
  Orcish Mines |    318 |    307 |     11 |      0 |    204 |   2 |  159.0 |
         Sewer |    901 |    901 |      0 |      0 |    746 |   1 |  901.0 |
               +--------+--------+--------+--------+--------+-----+--------+

Top non-repeatable levels by time:
     D:8: 1692 daAuts
  Lair:6: 1515 daAuts
     D:9: 1406 daAuts
     D:4: 1385 daAuts
  Lair:5: 1344 daAuts
     D:5: 1320 daAuts
    D:13: 1230 daAuts
     D:6: 1200 daAuts
  Lair:3: 1199 daAuts
     D:7: 1187 daAuts
     D:1: 1149 daAuts
     D:3: 1112 daAuts
     D:2: 1039 daAuts
  Lair:1: 1005 daAuts
  Lair:2: 1005 daAuts
